 Dungeon Crawl Stone Soup version 0.21-a0-286-g6fcecc0 (webtiles) character file.

9 tidbits the Insei (level 1, -2/15 HPs)
             Began as a Demigod Transmuter on Sept 27, 2017.
             Slain by a goblin
             ... wielding a +1 vampiric dagger
              (5 damage)
             ... on level 1 of the Dungeon.
             The game lasted 00:01:31 (248 turns).

tidbits the Insei (Demigod Transmuter)               Turns: 248, Time: 00:01:32

Health: -2/15      AC:  2    Str: 13    XL:     1   Next: 86%
Magic:  5/5        EV: 12    Int: 22    God:
Gold:   0          SH:  0    Dex: 16    Spells: 3/4 levels left

rFire    . . .     SeeInvis .     - Unarmed
rCold    . . .     Gourm    .   (no shield)
rNeg     . . .     Faith    .   b - +0 robe
rPois    .         Spirit   .   (no helmet)
rElec    .         Reflect  .   (no cloak)
rCorr    .         Harm     .   (no gloves)
MR       .....                  (boots currently unavailable)
Stlth    +.........             (no amulet)
HPRegen  0.05/turn              (no ring)
MPRegen  0.09/turn              (no ring)

@: brilliant, appendage (expiring)
A: talons 3, high mp 1
a: End Transformation


You were on level 1 of the Dungeon.
You were not hungry.
You had grown temporary talons.
You visited 1 branch of the dungeon, and saw 1 of its levels.

Inventory:

Missiles
 a - 12 arrows
 g - 28 stones (quivered)
Armour
 b - a +0 robe (worn)
Scrolls
 f - a scroll of enchant armour {unknown}
 h - 4 scrolls of identify {unknown}
 i - a scroll of fear {unknown}
 j - a scroll of remove curse {unknown}
Books
 c - a book of Changes

   Spells                             Type                      Level
   a - Beastly Appendage              Transmutation                1
   b - Sticks to Snakes               Transmutation                2
   c - Spider Form                    Transmutation/Poison         3
   d - Ice Form                       Ice/Transmutation            4
   e - Blade Hands                    Transmutation                5
Comestibles
 d - a bread ration


   Skills:
 - Level 0.8 Fighting
 - Level 1.7 Dodging
 * Level 2.9 Unarmed Combat
 - Level 2.0 Spellcasting
 + Level 2.0 Transmutations


You had 3 spell levels left.
You knew the following spells:

 Your Spells              Type           Power        Failure   Level  Hunger
e - Beastly Appendage     Tmut           ###...       1%          1    #......


Dungeon Overview and Level Annotations

Branches:
Dungeon (1/15)


Innate Abilities, Weirdness & Mutations

You have an increased reservoir of magic. (+10% MP)
You have claws for feet.


Message History

Your horns disappear.
i - a scroll labeled NASAUF WEOLUKK Wield which item (- for none, * to show all)? (? for menu, Esc to quit)
a - 12 arrows (in hand)
You swing at nothing.
You swing at nothing.
You swing at nothing.
You swing at nothing.
You swing at nothing.
You swing at nothing.
You swing at nothing.
You swing at nothing.
You swing at nothing.
You swing at nothing.
You swing at nothing.
You swing at nothing.
You swing at nothing.
You swing at nothing.
You swing at nothing.
You swing at nothing.
You swing at nothing.
You swing at nothing.
You swing at nothing.
You swing at nothing.
You swing at nothing.
You swing at nothing.
You swing at nothing.
You swing at nothing.
You swing at nothing.
You swing at nothing.
You swing at nothing.
You swing at nothing.
You swing at nothing.
You swing at nothing.
Wield which item (- for none, * to show all)? (? for menu, Esc to quit)
You are now empty-handed.
Found a stone staircase leading down.
A bat comes into view.
The bat hits you but does no damage.
Found a scroll labeled BENGUPR MISO.
Casting: Beastly Appendage
Confirm with . or Enter, or press ? or * to list all spells.
Your feet morph into talons.
The bat closely misses you.
You hit the bat.
The bat is severely wounded.
The bat misses you.
You closely miss the bat.
The bat is moderately wounded.
The bat barely misses you.
You barely miss the bat. The bat barely misses you.
You closely miss the bat. You claw the bat, but do no damage.
Your transformation is almost over.
The bat hits you. The bat barely misses you.
You closely miss the bat. You claw the bat.
You kill the bat!
Your Spellcasting skill increases to level 2!
A bat comes into view.
The bat hits you.
You closely miss the bat. Your kick misses the bat.
The bat hits you but does no damage.
You barely miss the bat. The bat hits you but does no damage.
The bat closely misses you.
Your talons disappear.
The bat barely misses you.
Casting: Beastly Appendage
Confirm with . or Enter, or press ? or * to list all spells.
Your feet morph into talons.
The bat closely misses you. The bat hits you.
You hit the bat.
The bat is heavily wounded.
The bat closely misses you. x2
You hit the bat.
You kill the bat!
Your transformation is almost over.
j - a scroll labeled BENGUPR MISO A goblin comes into view.
It is wielding a vampiric dagger.
Your talons disappear.
Casting: Beastly Appendage
Confirm with . or Enter, or press ? or * to list all spells.
Your feet morph into talons.
You open the door.
There is an open door here.
The goblin shouts!
Your transformation is almost over.
The goblin hits you with a vampiric dagger.
You closely miss the goblin. Your kick misses the goblin.
The goblin hits you with a vampiric dagger.
* * * LOW HITPOINT WARNING * * *
You hit the goblin. Your kick misses the goblin.
The goblin is moderately wounded.
The goblin hits you with a vampiric dagger.
* * * LOW HITPOINT WARNING * * *
The goblin draws strength from your wounds!
You barely miss the goblin. Your kick misses the goblin.
Your punch misses the goblin. The goblin hits you but does no damage.
There is an open door here.
It was a potion of brilliance.
You feel clever all of a sudden.
The goblin hits you with a vampiric dagger.
You die...

#...#.###.#
#.........#
#.........# ..
#.........#....#
#.........#....###
#.........#......
#.........##...#######
#....g................
#####@#............#
#..............+
#..............#
#..............#
#####...##.....#####.#
#........#.....#.....#
#........#...........#
#........#.....#......
#........#.....#......


You could see a goblin.

Vanquished Creatures
  2 leopard geckos (D:1)
  A giant cockroach (D:1)
  2 bats (D:1)
  A frilled lizard (D:1)
  A kobold (D:1)
7 creatures vanquished.

Notes
Turn   | Place    | Note
-------+----------+-------------------------------------------
     0 | D:1      | tidbits the Demigod Transmuter began the quest for the Orb.
     0 | D:1      | Reached XP level 1. HP: 15/15 MP: 5/5
    40 | D:1      | Reached skill level 2 in Transmutations
   200 | D:1      | Reached skill level 2 in Spellcasting
   248 | D:1      | Slain by a goblin

Vault maps used:
D:1:      dpeg_arrival_oval, minmay_pentomino_q2

Skill      XL: |  1 |
---------------+----+-----
Transmutations | 2 |  2.0
Spellcasting   | 2 |  2.0
Fighting       | |  0.8
Dodging        | |  1.7
Unarmed Combat | |  2.9

Action                   || total
-------------------------++-------
Melee: Unarmed           ||    26
       Kick              ||     7
       Headbutt          ||     1
 Cast: Beastly Appendage ||     7
  Use: Potion            ||     1
Armor: Robe              ||     4
Dodge: Dodged            ||    14

Table legend:
 A = Spawn XP
 B = Non-spawn XP
 C = Spawn XP percentage of total XP
 D = Spawn monster count
 E = Non-spawn monster count
 F = Spawn count percentage of total count
 G = Total turns spent on level
                    A         B        C        D         E        F      G
               +---------+---------+-------+---------+---------+-------+---------
         Total |       0 |      13 |   0.0 |       0 |       7 |   0.0 |   248
               +---------+---------+-------+---------+---------+-------+---------
           D:1 |       0 |      13 |   0.0 |       0 |       7 |   0.0 |   248
               +---------+---------+-------+---------+---------+-------+---------

Table legend:
 A = Turns spent in this place as a percentage of turns spent in the entire game.
 B = Non-inter-level travel turns spent in this place as a percentage of non-inter-level travel turns spent in the entire game.
 C = Inter-level travel turns spent in this place as a percentage of turns spent in this place.
 D = Turns resting spent in this place as a percentage of non-inter-level travel turns spent in this place.
 E = Turns spent auto-exploring this place as a percentage of non-inter-level travel turns spent in this place.
 F = Non-inter-level travel turns spent in this place divided by the number of levels of this place that you've seen.
                   A       B       C       D       E      F
               +-------+-------+-------+-------+-------+----------------------
         Total | 100.0 | 100.0 |   4.0 |   0.0 |   0.0 | 238.0
       Dungeon | 100.0 | 100.0 |   4.0 |   0.0 |   0.0 | 238.0
               +-------+-------+-------+-------+-------+----------------------

Table legend:
 A = Kills in this place as a percentage of kills in entire the game.
 B = Kills by you in this place as a percentage of kills by you in the entire game.
 C = Kills by friends in this place as a percentage of kills by friends in the entire game.
 D = Other kills in this place as a percentage of other kills in the entire game.
 E = Experience gained in this place as a percentage of experience gained in the entire game.
 F = Experience gained in this place divided by the number of levels of this place that you have seen.
                   A       B       C       D       E      F
               +-------+-------+-------+-------+-------+----------------------
         Total | 100.0 | 100.0 |   N/A |   N/A | 100.0 |  13.0
       Dungeon | 100.0 | 100.0 |   N/A |   N/A | 100.0 |  13.0
               +-------+-------+-------+-------+-------+----------------------

Vault maps used:
D:1:      dpeg_arrival_oval, minmay_pentomino_q2
